 Dungeon Sprint DCSS version 0.22.1-1-ga44c0e56f4 (webtiles) character file.

8129 MuseOD the Imperceptible (level 11, -6/54 HPs)
             Began as a Spriggan Enchanter on Sept 27, 2018.
             Was the Champion of Dithmenos.
             Mangled by an eight-headed hydra (18 damage)
             ... in the Dungeon (Sprint III: "The Ten Rune Challenge").
             The game lasted 00:03:02 (1147 turns).

MuseOD the Imperceptible (Spriggan Enchanter)       Turns: 1147, Time: 00:03:03

Health: -6/54      AC:  5    Str:  4    XL:     11   Next: 5%
Magic:  20/29      EV: 18    Int: 20    God:    Dithmenos [******]
Gold:   32         SH:  0    Dex: 17    Spells: 30/36 levels left

rFire    . . .     SeeInvis +   a - +1 dagger
rCold    . . .     Gourm    .   (shield restricted)
rNeg     . . .     Faith    .   p - +0 robe {MR+}
rPois    .         Spirit   .   (helmet restricted)
rElec    .         Reflect  .   (no cloak)
rCorr    .         Harm     .   (gloves unavailable)
MR       ++...     NoTele   +   (boots unavailable)
Stlth    ++++++++++             (no amulet)
HPRegen  0.18/turn              (no ring)
MPRegen  0.21/turn              (no ring)

@: wreathed by umbra, very quick
A: very small, unfitting armour, hooves 1, yellow scales 1, see invisible,
herbivore, speed 3, shaggy fur 1, slow metabolism 2, evolution 1
a: Shadow Step, Shadow Form, Renounce Religion


You were in the Dungeon.
You worshipped Dithmenos.
Dithmenos was exalted by your worship.
You were not hungry.

You visited 1 branch You collected 32 gold pieces.

Inventory:

Hand Weapons
 a - a +1 dagger (weapon)
Armour
 b - a +0 robe
 p - a +0 robe of magic resistance (worn)
Scrolls
 c - 2 scrolls of holy word {unknown}
 j - a scroll of blinking
 k - 4 scrolls of identify
 l - 4 scrolls of remove curse
Potions
 e - 3 potions of curing
 f - 2 potions of heal wounds
 g - a potion of haste
 h - 2 potions of magic
 i - 2 potions of berserk rage
 m - a potion of flight {unknown}
 n - 2 potions of mutation
 o - a potion of might
Comestibles
 d - 4 rations


   Skills:
 - Level 4.7 Fighting
 + Level 14.5 Short Blades
 - Level 3.0 Dodging
 + Level 22.8 Stealth
 - Level 13.1 Spellcasting
 - Level 13.3 Hexes


You had 30 spell levels left.
You knew the following spells:

 Your Spells              Type           Power        Failure   Level  Hunger
a - Corona                Hex            ######.      1%          1    None
b - Ensorcelled Hibernat  Hex/Ice        #####.       1%          2    None
c - Confuse               Hex            ######..     1%          3    None

Your spell library contained the following spells:

 Spells                   Type           Power        Failure   Level  Hunger
 Confusing Touch          Hex            ######       1%          1    None
 Dazzling Spray           Conj/Hex       #####.       1%          3    None
 Tukima's Dance           Hex            ######..     1%          3    None
 Metabolic Englaciation   Hex/Ice        #####.....   9%          5    ####...
 Yara's Violent Unravell  Hex/Tmut       #####.....   9%          5    ####...
 Gell's Gravitas          Tloc           ##........   16%         3    None
 Petrify                  Tmut/Erth      ##......     45%         4    None


Dungeon Overview and Level Annotations

Branches:
Dungeon (1/1)

Altars:
Dithmenos
Elyvilon
Kikubaaqudgha
Okawaru
Ru
Sif Muna
Trog
Uskayaw
Vehumet
Wu Jian
Yredelemnul
Zin
The Shining One
Beogh


Innate Abilities, Weirdness & Mutations

You are very small and have problems with some larger weapons.
You are too small for most types of armour.
You have supernaturally acute eyesight. (SInv)
You are a herbivore.
You cover ground extremely quickly.
You need to consume almost no food.
You have large cloven feet.
You are partially covered in yellow scales. (AC +2)
You are covered in fur. (AC +1)
You evolve.


Message History

The eight-headed hydra bites you!
You emit a cloud of dark smoke.
The eight-headed hydra barely misses you.
The eight-headed hydra closely misses you.
The eight-headed hydra bites you!
The eight-headed hydra barely misses you.
Casting: Confuse (safe; 1% risk of failure)
Confirm with . or Enter, or press ? or * to list all spells.
Aiming: Confuse (safe; 1% risk of failure)
Press: ? - help, Shift-Dir - straight line, f - eight-headed hydra
Aim: an eight-headed hydra (black smoke, almost dead, umbra, chance to defeat The eight-headed hydra resists with some effort.
The eight-headed hydra closely misses you.
The eight-headed hydra bites you. The eight-headed hydra bites you!
The eight-headed hydra bites you.
* * * LOW HITPOINT WARNING * * *
The eight-headed hydra barely misses you.
The eight-headed hydra bites you.
* * * LOW HITPOINT WARNING * * *
The eight-headed hydra bites you!!
You die...

♣♣≈≈≈........≈≈≈...##.#.
+♣♣'♣≈≈≈≈≈≈≈≈≈≈≈≈♣♣P.'.#.#
#.≈♣♣♣♣♣♣♣♣♣♣♣♣♣♣♣♣PP##.#.
#††♣♣ ♣♣♣##'##
###'♣♣♣♣♣♣♣♣♣♣♣♣♣♣ #...+
♣♣♣♣†##..##≈≈≈≈≈≈.. #...#
♣..†##.##.#§§§≈≈.D. #..)#
♣♣.##.##†##D§§≈≈≈# #####
♣..#.##.§@#§§....§
♣♣.##.##§§#≈..+###
♣♣.##.#####...# ♣.....#
...# ####### ####


You could see an eight-headed hydra.

Vanquished Creatures
  Harold (D)
  Erica (D)
  A centaur warrior (D)
  Urug (D)
  An unseen horror (D)
  Joseph (D)
  A lindwurm (D)
  A deep elf mage (D)
  2 spiny frogs (D)
  A komodo dragon (D)
  3 wandering mushrooms (D)
  2 tyrant leeches (D)
  A shadow (D)
  3 redbacks (D)
  A necrophage (D)
  2 centaurs (D)
  An earth elemental (D)
  A water elemental (D)
  An electric eel (D)
  A jelly (D)
  Jessica (D)
  A wizard (D)
  A necromancer (D)
  3 humans (D)
  A kobold demonologist (D)
  A wolf (D)
  An ooze (D)
  2 rats (D)
38 creatures vanquished.

Vanquished Creatures (others)
  2 draconian scorchers (D)
  6 hellions (D)
  2 yaktaurs (D)
10 creatures vanquished.

Grand Total: 48 creatures vanquished

Notes
Turn   | Place    | Note
-------+----------+-------------------------------------------
     0 | D        | MuseOD the Spriggan Enchanter began the quest for the Orb.
     0 | D        | Reached XP level 1. HP: 9/9 MP: 5/5
    15 | D        | Reached skill level 1 in Fighting
    15 | D        | Reached skill level 5 in Stealth
    54 | D        | Noticed Jessica
    58 | D        | Killed Jessica
    58 | D        | Reached skill level 6 in Stealth
    58 | D        | Reached XP level 2. HP: 15/15 MP: 6/6
    58 | D        | Reached XP level 3. HP: 18/18 MP: 8/8
    62 | D        | Learned a level 2 spell: Ensorcelled Hibernation
    66 | D        | Learned a level 3 spell: Confuse
   104 | D        | Killed a hellion
   118 | D        | Killed a yaktaur
   120 | D        | Reached skill level 5 in Short Blades
   123 | D        | Reached skill level 7 in Stealth
   143 | D        | Gained mutation: Your mind is acute. (Int +2) [potion of
                  | mutation]
   143 | D        | Gained mutation: You have a pair of small horns on your
                  | head. [potion of mutation]
   144 | D        | Lost mutation: Your mind is acute. (Int +2) [potion of
                  | mutation]
   144 | D        | Gained mutation: You are covered in fur. (AC +1) [potion of
                  | mutation]
   144 | D        | Gained mutation: You evolve. [potion of mutation]
   144 | D        | Gained mutation: Your spells are a little harder to cast,
                  | but a little more powerful. [potion of mutation]
   145 | D        | Lost mutation: You have a pair of small horns on your head.
                  | [potion of mutation]
   145 | D        | Lost mutation: Your spells are a little harder to cast, but
                  | a little more powerful. [potion of mutation]
   145 | D        | Gained mutation: You have large cloven feet. [potion of
                  | mutation]
   161 | D        | Killed a hellion
   162 | D        | Killed a hellion
   163 | D        | Killed a hellion
   182 | D        | Killed a hellion
   214 | D        | Killed a hellion
   230 | D        | Killed a white draconian scorcher
   328 | D        | Noticed a water elemental
   331 | D        | Killed a water elemental
   331 | D        | Reached skill level 8 in Stealth
   331 | D        | Reached XP level 4. HP: 25/25 MP: 9/9
   339 | D        | Found a basalt altar of Yredelemnul.
   339 | D        | Found a shadowy altar of Dithmenos.
   339 | D        | Found a sacrificial altar of Ru.
   339 | D        | Noticed a necrophage
   341 | D        | Reached skill level 9 in Stealth
   341 | D        | Reached XP level 5. HP: 29/29 MP: 10/10
   342 | D        | Killed a necrophage
   342 | D        | Reached skill level 10 in Stealth
   346 | D        | Became a worshipper of Dithmenos the Shadowed
   346 | D        | Killed a white draconian scorcher
   353 | D        | Found a hide-covered altar of Uskayaw.
   353 | D        | Found a roughly hewn altar of Beogh.
   353 | D        | Found an iron altar of Okawaru.
   353 | D        | Found a bloodstained altar of Trog.
   353 | D        | Found an ornate altar of the Wu Jian Council.
   353 | D        | Noticed a human
   354 | D        | Noticed a human
   356 | D        | Killed a human
   356 | D        | Reached skill level 11 in Stealth
   356 | D        | Reached skill level 5 in Spellcasting
   356 | D        | Reached skill level 5 in Hexes
   356 | D        | Reached XP level 6. HP: 34/34 MP: 11/15
   357 | D        | Killed a human
   357 | D        | Reached skill level 12 in Stealth
   368 | D        | Found a glowing silver altar of Zin.
   368 | D        | Found a glowing golden altar of the Shining One.
   368 | D        | Found a white marble altar of Elyvilon.
   369 | D        | Noticed a deep elf mage
   371 | D        | Killed a deep elf mage
   371 | D        | Reached * piety under Dithmenos
   371 | D        | Reached skill level 14 in Stealth
   371 | D        | Reached XP level 7. HP: 38/38 MP: 12/20
   408 | D        | Killed a yaktaur
   450 | D        | Found a radiant altar of Vehumet.
   451 | D        | Found a deep blue altar of Sif Muna.
   451 | D        | Found an ancient bone altar of Kikubaaqudgha.
   583 | D        | Noticed a shadow
   585 | D        | Killed a shadow
   585 | D        | Reached ** piety under Dithmenos
   585 | D        | Reached skill level 10 in Hexes
   585 | D        | Reached XP level 8. HP: 42/42 MP: 20/22
   597 | D        | Noticed Erica
   599 | D        | Killed Erica
   599 | D        | Reached skill level 16 in Stealth
   613 | D        | Noticed a centaur warrior
   615 | D        | Reached *** piety under Dithmenos
   617 | D        | Killed a centaur warrior
   617 | D        | Reached skill level 17 in Stealth
   617 | D        | Reached XP level 9. HP: 46/46 MP: 24/26
   627 | D        | Noticed an unseen horror
   629 | D        | Killed an unseen horror
   629 | D        | Reached skill level 18 in Stealth
   644 | D        | Noticed Harold
   644 | D        | Noticed Joseph
   652 | D        | Killed Harold
   652 | D        | Reached **** piety under Dithmenos
   652 | D        | Reached skill level 19 in Stealth
   652 | D        | Reached XP level 10. HP: 23/51 MP: 22/28
   658 | D        | Killed Joseph
   658 | D        | Reached skill level 20 in Stealth
   824 | D        | Gained mutation: You are partially covered in yellow
                  | scales. (AC +2) [evolution]
   925 | D        | Noticed a spiny frog
   925 | D        | Noticed a spiny frog
   928 | D        | Reached ***** piety under Dithmenos
   928 | D        | Reached skill level 21 in Stealth
   930 | D        | Killed a spiny frog
   931 | D        | Killed a spiny frog
  1115 | D        | Noticed a lindwurm
  1118 | D        | Killed a lindwurm
  1118 | D        | Reached skill level 22 in Stealth
  1126 | D        | Noticed Urug
  1129 | D        | Killed Urug
  1129 | D        | Reached ****** piety under Dithmenos
  1129 | D        | Reached XP level 11. HP: 54/54 MP: 29/29
  1132 | D        | Noticed a seven-headed hydra
  1132 | D        | Noticed an eight-headed hydra
  1147 | D        | Mangled by an eight-headed hydra

Skill      XL: |  1  2  3  4  5  6  7  8  9 10 |
---------------+-------------------------------+-----
Fighting       | 2 3 4 |  4.7
Short Blades   | 4 7 8 9 11 14 | 14.5
Stealth        | 6 8 9 11 14 17 19 22 | 22.8
Spellcasting   | 5 9 12 13 | 13.1
Hexes          | 5 9 10 12 13 | 13.3
Dodging        | |  3.0

Action                   |  1- 3 |  4- 6 |  7- 9 | 10-12 || total
-------------------------+-------+-------+-------+-------++-------
Melee: Dagger            |    12 |     5 |    11 |    23 ||    51
       Kick              |       |       |       |     2 ||     2
 Cast: Ensorcelled Hiber |     3 |       |       |       ||     3
       Confuse           |       |       |     2 |    10 ||    12
  Use: Potion            |     3 |       |       |       ||     3
 Stab: Sleeping          |     5 |     5 |    10 |     9 ||    29
       Confused          |       |       |     1 |     8 ||     9
Dodge: Dodged            |     6 |       |       |     8 ||    14
